 Dungeon Crawl Stone Soup version 0.21.0-25-ge575cb9 (webtiles) character file.

48 troglodite the Charmwright (level 3, -3/31 HPs)
             Began as a Gnoll Skald on Jan 23, 2018.
             Slain by a gnoll
             ... wielding a +0 flail
              (15 damage)
             ... on level 2 of the Dungeon.
             The game lasted 00:05:29 (1588 turns).

troglodite the Charmwright (Gnoll Skald)            Turns: 1588, Time: 00:05:30

Health: -3/31      AC:  3    Str: 13    XL:     3   Next: 72%
Magic:  9/9        EV: 14    Int: 15    God:
Gold:   60         SH:  0    Dex: 15    Spells: 5/12 levels left

rFire    . . .     SeeInvis +   e - +2 dagger (freeze)
rCold    . . .     Gourm    .   (no shield)
rNeg     . . .     Faith    .   b - +0 leather armour
rPois    .         Spirit   .   (no helmet)
rElec    .         Reflect  .   (no cloak)
rCorr    .         Harm     .   (no gloves)
MR       .....                  (no boots)
Stlth    +.........             (no amulet)
HPRegen  0.10/turn              k - ring of see invisible
MPRegen  0.11/turn              (no ring)

@: no status effects
A: distributed training, fangs 1, strong nose
a: no special abilities


You were on level 2 of the Dungeon.
You were not hungry.

You visited 1 branch of the dungeon, and saw 2 of its levels.

You collected 60 gold pieces.

Inventory:

Hand Weapons
 a - a +0 falchion
 e - a +2 dagger of freezing (weapon)
Armour
 b - a +0 leather armour (worn)
Jewellery
 k - a ring of see invisible (left hand)
Wands
 h - a wand of polymorph (8)
Scrolls
 m - a scroll of identify {unknown}
 n - a scroll of enchant armour {unknown}
Potions
 f - 3 potions of curing {unknown}
 g - a potion of haste {unknown}
 i - a potion of agility {unknown}
 j - a potion of heal wounds {unknown}
Books
 c - a book of Battle

   Spells                             Type                      Level
   a - Infusion                       Charms                       1
   b - Shroud of Golubria             Charms/Translocation         2
   c - Song of Slaying                Charms                       2
   d - Spectral Weapon                Hexes/Charms                 3
   e - Regeneration                   Charms/Necromancy            3
Comestibles
 d - 5 rations
 l - a chunk of flesh


   Skills:
 + Level 4.5 Fighting
 + Level 0.9 Short Blades
 + Level 4.5 Long Blades
 + Level 0.9 Axes
 + Level 0.9 Maces & Flails
 + Level 0.9 Polearms
 + Level 0.9 Staves
 + Level 0.9 Slings
 + Level 0.9 Bows
 + Level 0.9 Crossbows
 + Level 0.9 Throwing
 + Level 2.6 Armour
 + Level 4.5 Dodging
 + Level 0.9 Stealth
 + Level 0.9 Shields
 + Level 0.9 Unarmed Combat
 + Level 5.0 Spellcasting
 + Level 0.6 Conjurations
 + Level 0.6 Hexes
 + Level 5.4 Charms
 + Level 0.6 Summonings
 + Level 0.6 Necromancy
 + Level 0.6 Translocations
 + Level 0.6 Transmutations
 + Level 0.6 Fire Magic
 + Level 0.6 Ice Magic
 + Level 0.6 Air Magic
 + Level 0.6 Earth Magic
 + Level 0.6 Poison Magic
 + Level 1.0 Invocations
 + Level 0.9 Evocations


You had 5 spell levels left.
You knew the following spells:

 Your Spells              Type           Power        Failure   Level  Hunger
a - Infusion              Chrm           ###.         2%          1    None
b - Spectral Weapon       Hex/Chrm       ##......     19%         3    ###....
c - Regeneration          Chrm/Necr      ##........   19%         3    ###....


Dungeon Overview and Level Annotations

Branches:
Dungeon (2/15)

Altars:
Dithmenos
Kikubaaqudgha
Ru
Uskayaw


Innate Abilities, Weirdness & Mutations

Your experience applies equally to all skills.
You have very sharp teeth.
Your uncanny sense of smell can sniff out nearby items.


Message History

The gnoll is heavily wounded.
The gnoll closely misses you. x2
You completely miss the gnoll.
The gnoll is heavily wounded.
The gnoll hits you with a flail.
You closely miss the gnoll. You punch the gnoll, but do no damage.
The gnoll is heavily wounded.
The gnoll misses you. The gnoll hits you with a flail!
You hit the gnoll but do no damage. You bite the gnoll, but do no damage.
The gnoll is moderately wounded.
The gnoll misses you.
You hit the gnoll but do no damage.
The gnoll is moderately wounded.
The gnoll hits you with a flail. The gnoll barely misses you.
The gnoll barely misses you.
The gnoll hits you from afar with a halberd.
* * * LOW HITPOINT WARNING * * *
There is a stone staircase leading up here.
The gnoll hits you with a flail!
You die...

#####
#.###.....##.#
..g.#
#............#
###.#
#.###.##..#### #
#.## #.# #.##..#
###..####.###.##..#
+...........g.....#
###..########.##g##
# #.[# #.##g#
###..# #.##@#
....## #.##.# #####
#..#.# # ##.#.#####
# #.#.....# #
#.#####.# #
######.# #.## #
#......# #..## #
#.####>#####...#


You could see 2 gnolls.

Vanquished Creatures
  An adder (D:2)
  A worm (D:2)
  2 dart slugs (D:1)
  A leopard gecko (D:1)
  A ball python (D:1)
  5 bats
  A giant cockroach (D:1)
  A goblin (D:1)
  3 hobgoblins
  4 jackals (D:2)
  A quokka (D:2)
  2 frilled lizards (D:1)
  2 kobolds (D:1)
  5 rats
30 creatures vanquished.

Notes
Turn   | Place    | Note
-------+----------+-------------------------------------------
     0 | D:1      | troglodite the Gnoll Skald began the quest for the Orb.
     0 | D:1      | Reached XP level 1. HP: 20/20 MP: 6/6
   154 | D:1      | Reached XP level 2. HP: 10/26 MP: 7/7
   974 | D:2      | Reached XP level 3. HP: 31/31 MP: 9/9
   979 | D:2      | Learned a level 3 spell: Spectral Weapon
   983 | D:2      | Learned a level 3 spell: Regeneration
   986 | D:2      | Found a sacrificial altar of Ru.
  1064 | D:2      | Reached skill level 5 in Spellcasting
  1105 | D:2      | Found a shadowy altar of Dithmenos.
  1105 | D:2      | Found a hide-covered altar of Uskayaw.
  1148 | D:2      | Reached skill level 1 in Invocations
  1539 | D:2      | Found an ancient bone altar of Kikubaaqudgha.
  1588 | D:2      | Slain by a gnoll

Skill      XL: |  1  2  3 |
---------------+----------+-----
Spellcasting   | 5 |  5.0
Invocations    | 1 |  1.0
Fighting       | |  4.5
Short Blades   | |  0.9
Long Blades    | |  4.5
Axes           | |  0.9
Maces & Flails | |  0.9
Polearms       | |  0.9
Staves         | |  0.9
Slings         | |  0.9
Bows           | |  0.9
Crossbows      | |  0.9
Throwing       | |  0.9
Armour         | |  2.6
Dodging        | |  4.5
Stealth        | |  0.9
Shields        | |  0.9
Unarmed Combat | |  0.9
Conjurations   | |  0.6
Hexes          | |  0.6
Charms         | |  5.4
Summonings     | |  0.6
Necromancy     | |  0.6
Translocations | |  0.6
Transmutations | |  0.6
Fire Magic     | |  0.6
Ice Magic      | |  0.6
Air Magic      | |  0.6
Earth Magic    | |  0.6
Poison Magic   | |  0.6
Evocations     | |  0.9

Action                   || total
-------------------------++-------
Melee: Dagger            ||   106
       Bite              ||    13
       Punch             ||     1
 Stab: Sleeping          ||     2
  Eat: Chunk             ||     2
Armor: Leather armour    ||    19
Dodge: Dodged            ||    67
